 Dungeon Crawl Stone Soup version 0.26-b1-32-g5d43845318 (webtiles) character file.

Game seed: 6108840791136190796

2298 Borgoz the Slasher (level 9, 0/75 HPs)
             Began as a Ghoul Fighter on Jan 13, 2021.
             Was a Follower of Ashenzari.
             Slain by an orc warrior
             ... wielding the +10 dark maul {vorpal}
              (44 damage)
             ... on level 7 of the Dungeon.
             The game lasted 00:08:41 (6612 turns).

Borgoz the Slasher (Ghoul Fighter)                  Turns: 6612, Time: 00:08:42

Health: 0/75       AC: 21    Str: 20    XL:     9   Next: 40%
Magic:  8/8        EV: 10    Int:  3    God:    Ashenzari [*.....]
Gold:   467        SH: 10    Dex: 11    Spells: 8/8 levels left

rFire    . . .     SeeInvis .   a - +0 long sword
rCold    + . .     Faith    .   c - +0 kite shield
rNeg     + + +     Spirit   .   b - +0 scale mail
rPois    ∞         Reflect  .   (no helmet)
rElec    .         Harm     .   e - +0 cloak
rCorr    .         Rampage  .   v - +0 pair of gloves
Will     .....                  (no boots)
Stlth    ..........             (no amulet)
HPRegen  0.00/turn              A - ring of the Tortoise {AC+8}
MPRegen  0.11/turn              p - +4 ring of protection

@: no status effects
A: claws 1, cold resistance 1, negative energy resistance 3, inhibited
regeneration, torment resistance, unbreathing
a: Renounce Religion, Curse Item, Scrying


You were on level 7 of the Dungeon.
You worshipped Ashenzari.
Ashenzari was aware of your devotion.
You visited 2 branches of the dungeon, and saw 8 of its levels.

You collected 467 gold pieces.

Inventory:

Hand Weapons
 a - a +0 long sword (weapon)
Armour
 b - a +0 scale mail (worn)
 c - a +0 kite shield (worn)
 e - a +0 cloak (worn)
 v - a +0 pair of gloves (worn)
Jewellery
 p - a +4 ring of protection (right hand)
 t - an uncursed ring of flight
 y - an uncursed ring of protection from fire
 A - the ring of the Tortoise (left hand) {AC+8}
   (You found it on level 5 of the Dungeon)

   [ring of protection]

   It affects your AC (+8).
 G - an uncursed ring of wizardry
Wands
 g - a wand of acid (6)
 C - a wand of paralysis (19)
Scrolls
 i - a scroll of blinking {unknown}
 j - 8 scrolls of remove curse
 k - 2 scrolls of immolation {unknown}
 l - 2 scrolls of fear
 m - 3 scrolls of teleportation
 o - 3 scrolls of magic mapping
 r - 2 scrolls of amnesia {unknown}
 u - 2 scrolls of fog
 x - a scroll of enchant armour {unknown}
 z - 2 scrolls of enchant weapon {unknown}
 D - a scroll of vulnerability {unknown}
Potions
 d - a potion of degeneration {unknown}
 f - a potion of flight
 h - 2 potions of lignification {unknown}
 n - a potion of cancellation
 q - 2 potions of brilliance
 s - a potion of ambrosia {unknown}
 w - a potion of attraction {unknown}
 B - a potion of invisibility {unknown}
 E - a potion of curing {unknown}
 F - a potion of heal wounds
 H - a potion of might


   Skills:
 + Level 6.0 Fighting
 * Level 6.2 Long Blades
 + Level 5.0 Armour
 * Level 5.8 Dodging
 - Level 5.0 Shields


You had 8 spell levels left.
You didn't know any spells.
Your spell library was empty.

Dungeon Overview and Level Annotations

Branches:
Dungeon (7/15)             Temple (1/1) D:7

Altars:
Ashenzari
Cheibriados
Dithmenos
Elyvilon
Fedhas
Gozag
Hepliaklqana
Kikubaaqudgha
Nemelex Xobeh
Okawaru
Qazlal
Ru
Sif Muna
Trog
Uskayaw
Vehumet
Wu Jian
Xom
Yredelemnul
Zin
The Shining One


Innate Abilities, Weirdness & Mutations

You thrive by killing the living.
You are immune to poison.
You have sharp fingernails.
Your flesh is cold resistant. (rC+)
You are immune to negative energy. (rN+++)
You do not regenerate when monsters are visible.
You are immune to unholy pain and torment.
You can survive without breathing.


Message History

The orc hits you but does no damage.
You hit the orc.
You kill the orc!
You feel better.
You slash the orc warrior!
The orc warrior is moderately wounded.
You block the orc warrior's attack.
You hit the orc warrior.
The orc warrior is moderately wounded.
The orc wizard casts a spell at itself.
The orc wizard flickers and vanishes!
Deactivating autopickup; reactivate with Ctrl-A.
The orc warrior hits you with the +10 dark maul {vorpal}!!
You hit the orc warrior but do no damage.
The orc warrior is moderately wounded.
You barely miss the orc warrior.
The orc warrior is moderately wounded.
The orc warrior hits you with the +10 dark maul {vorpal}!!!
Ouch! That really hurt!
You die...

#....####....#
..........).# ##.##..#.#.#
#....##...### ####.####..#.
##...# ##)#. ##..#######.#.
#########.............
#.h{o@.....########...
....######.(## ##.. # #.##
#.. ##.# #.# #..# #.#
############.## #.#
#.........##.##### #..
#................#####
#...........#..#.....######


You could see an orc warrior and a hound.

Vanquished Creatures
  A two-headed ogre (D:5)
  A human (D:6)
  2 sky beasts
  3 ogres
  4 bullfrogs
  3 scorpions
  3 howler monkeys
  A hound (D:4)
  4 orc priests
  Crazy Yiuf (D:2)
  A bullfrog skeleton (D:5)
  2 orc wizards
  2 worker ants (D:5)
  A hound skeleton (D:4)
  A worker ant zombie (D:3)
  8 adders
  A shadow imp (D:7)
  An ufetubus (D:5)
  3 oozes
  An adder skeleton (D:7)
  5 worms
  A dart slug (D:1)
  7 leopard geckos
  22 orcs
  13 bats
  4 giant cockroaches
  12 goblins
  13 hobgoblins
  5 quokkas
  A ball python (D:4)
  8 frilled lizards
  A jackal skeleton (D:4)
  11 kobolds
  A leopard gecko skeleton (D:6)
  A quokka skeleton (D:5)
  9 rats
158 creatures vanquished.

Vanquished Creatures (others)
  12 fungi (D:2)
  3 toadstools (D:2)
15 creatures vanquished.

Grand Total: 173 creatures vanquished

Notes
Turn   | Place    | Note
-------+----------+-------------------------------------------
     0 | D:1      | Borgoz the Ghoul Fighter began the quest for the Orb.
     0 | D:1      | Reached XP level 1. HP: 19/19 MP: 0/0
   159 | D:1      | Reached XP level 2. HP: 22/26 MP: 1/1
   391 | D:1      | Reached skill level 1 in Dodging
   747 | D:2      | Reached XP level 3. HP: 28/31 MP: 2/2
  1028 | D:2      | Noticed a bullfrog
  1059 | D:2      | Reached XP level 4. HP: 20/38 MP: 3/3
  1120 | D:2      | Killed a bullfrog
  1121 | D:2      | Reached XP level 5. HP: 8/46 MP: 4/4
  1792 | D:2      | Found a hazy altar of Hepliaklqana.
  2060 | D:2      | Found a runed translucent door.
  2061 | D:2      | Noticed Crazy Yiuf
  2069 | D:2      | Killed Crazy Yiuf
  2101 | D:3      | Found a broken altar of Ashenzari.
  2284 | D:3      | Reached XP level 6. HP: 52/52 MP: 5/5
  2393 | D:3      | Became a worshipper of Ashenzari the Shackled
  2481 | D:3      | Found a broken altar of Ashenzari.
  3027 | D:4      | Found a hide-covered altar of Uskayaw.
  3176 | D:4      | Reached XP level 7. HP: 47/59 MP: 6/6
  3334 | D:4      | Found a snail-covered altar of Cheibriados.
  3996 | D:5      | Entered Level 5 of the Dungeon
  3999 | D:5      | Found the ring of the Tortoise {AC+8}
  4212 | D:5      | Reached XP level 8. HP: 55/67 MP: 7/7
  4322 | D:5      | Noticed a two-headed ogre
  4346 | D:5      | Killed a two-headed ogre
  4347 | D:5      | Reached skill level 5 in Fighting
  4347 | D:5      | Reached skill level 5 in Long Blades
  4347 | D:5      | Reached skill level 5 in Dodging
  4685 | D:5      | Found a stormy altar of Qazlal.
  5214 | D:6      | Found a runed translucent door.
  5237 | D:6      | Reached XP level 9. HP: 72/74 MP: 8/8
  5296 | D:6      | Found a basalt altar of Yredelemnul.
  5456 | D:6      | Found a glowing silver altar of Zin.
  5609 | D:6      | Reached * piety under Ashenzari
  6138 | D:7      | Reached skill level 5 in Shields
  6236 | D:7      | Found a glowing golden altar of the Shining One.
  6315 | D:7      | Found a staircase to the Ecumenical Temple.
  6325 | D:7      | Reached skill level 5 in Armour
  6334 | Temple   | Entered the Ecumenical Temple
  6612 | D:7      | Slain by an orc warrior

Illustrated notes

Levels and vault maps discovered:
D:1:      minmay_arrival_checkered_box, layout_loops_ring, minmay_crystal_water
D:2:      layout_rooms, nicolae_overflow_crystal_walls,
          minmay_gold_behind_fungi, minmay_randomly_rotated_circles,
          uniq_crazy_yiuf_cottage
D:3:      layout_loops_ring, lemuel_crystal_altar, nicolae_ashenzari_panopticon
D:4:      layout_loops_ring, overflow_temple_1_default,
          overflow_temple_1_default, ebering_dispersal_statue_hall
D:5:      layout_basic, nicolae_qazlal_eye_of_the_storm
D:6:      layout_rooms, lemuel_round_altar, dk_yredelemnul_ordeal
D:7:      layout_rooms, tso_altar, temple_fountains, minivault_24
Temple:   minmay_temple_curvy_branch

Skill      XL: |  1  2  3  4  5  6  7  8  9 |
---------------+----------------------------+-----
Long Blades    | 2 3 4 5 6 |  6.2
Dodging        | 1 2 3 4 5 |  5.8
Armour         | 3 4 5 |  5.0
Shields        | 3 4 5 |  5.0
Fighting       | 4 5 6 |  6.0

Action                   |  1- 3 |  4- 6 |  7- 9 || total
-------------------------+-------+-------+-------++-------
Melee: Long sword        |   102 |   254 |   304 ||   660
  Use: Potion            |       |     2 |     4 ||     6
       Scroll            |       |       |     8 ||     8
Armor: Scale mail        |    44 |   110 |   133 ||   287
Dodge: Dodged            |    41 |    90 |    99 ||   230
Block: Kite shield       |    65 |   151 |   136 ||   352
       Rpst.: Long sword |    17 |    35 |    37 ||    89
